 Dungeon Crawl Stone Soup version 0.26-a0-651-gb41185065b (webtiles) character file.

Game seed: 1322871553659637975

(classic levelgen) 107616 EnegeticOcto the Peltast (level 15, -8/140 HPs)
             Began as a Deep Dwarf Fighter on Oct 9, 2020.
             Was the Champion of Makhleb.
             Mangled by Asterion
             ... wielding a +0 demon whip of venom
              (22 damage)
             ... on level 2 of the Snake Pit.
             The game lasted 00:14:26 (12447 turns).

EnegeticOcto the Peltast (Deep Dwarf Fighter)      Turns: 12447, Time: 00:14:26

Health: -8/140     AC: 25    Str: 22    XL:     15   Next: 64%
Magic:  5/5        EV:  5    Int: 11    God:    Makhleb [******]
Gold:   1898       SH: 20    Dex:  8    Spells: 14/14 levels left

rFire    . . .     SeeInvis .   a - +8 war axe (vorpal)
rCold    . . .     Faith    .   g - +0 tower shield
rNeg     + + .     Spirit   .   w - +0 plate armour
rPois    +         Reflect  .   c - +2 helmet
rElec    +         Harm     .   (no cloak)
rCorr    .         Rampage  .   F - +2 pair of gloves
MR       ++...                  t - +2 pair of boots {Stlth+}
Stlth    ..........             p - amulet "Kiegyum" {Acrobat rElec Str-4 Int+4}
HPRegen  0.00/turn              s - ring of poison resistance
MPRegen  0.09/turn              L - ring "Loigumik" {rElec rN+ Dex-4 Stlth-}

@: mighty, lethally poisoned (-8 -> -19), non-regenerating
A: damage resistance, heal wounds, dopey 1, negative energy resistance 1, sense
surroundings 2, no regeneration
}: 1/15 runes: barnacled
a: Heal Wounds, Minor Destruction, Lesser Servant of Makhleb, Major Destruction,
Greater Servant of Makhleb, Renounce Religion


You were on level 2 of the Snake Pit.
You worshipped Makhleb.
Makhleb was exalted by your worship.
You visited 5 branches of the dungeon, and saw 26 of its levels.
You also visited: Gauntlet.

You collected 2008 gold pieces.
You spent 110 gold pieces at shops.

Inventory:

Hand Weapons
 a - a +8 vorpal war axe (weapon)
 x - a +1 short sword of distortion
Missiles
 z - 2 throwing nets (quivered)
Armour
 c - a +2 helmet (worn)
 g - a +0 tower shield (worn)
 t - a +2 pair of boots of stealth (worn)
 w - a +0 plate armour (worn)
 F - a +2 pair of gloves (worn)
Jewellery
 l - the ring "Qirahiax" {+Inv rF+ Str+7 Int-5 Stlth+}
   (You found it on level 8 of the Dungeon)

   [ring of protection from fire]

   It affects your strength (+7).
   It affects your intelligence (-5).
   It protects you from fire.
   It lets you turn invisible.
   It makes you more stealthy.
 p - the amulet "Kiegyum" (around neck) {Acrobat rElec Str-4 Int+4}
   (You found it on level 8 of the Dungeon)

   [amulet of the acrobat]

   It helps you evade while moving and waiting.
   It affects your strength (-4).
   It affects your intelligence (+4).
   It insulates you from electricity.
 r - a +4 ring of evasion
 s - a ring of poison resistance (left hand)
 L - the ring "Loigumik" (right hand) {rElec rN+ Dex-4 Stlth-}
   (You found it in a Gauntlet)

   [ring of dexterity]

   It affects your dexterity (-4).
   It insulates you from electricity.
   It protects you from negative energy.
   It makes you less stealthy.
Wands
 m - a wand of polymorph (17)
 y - a wand of paralysis (10)
 B - a wand of iceblast (9) {@v2}
 G - a wand of enslavement (8)
 M - a wand of disintegration (10)
Scrolls
 j - 5 scrolls of remove curse {@r2}
 n - 10 scrolls of teleportation {@r3}
 u - 5 scrolls of enchant armour
 D - 2 scrolls of identify {@r1}
 E - a scroll of blinking
 I - a scroll of magic mapping {@r5}
Potions
 b - 2 potions of cancellation
 d - 5 potions of might {@q3}
 e - 8 potions of curing {@q1}
 f - a potion of stabbing {unknown}
 h - 4 potions of invisibility
 i - 3 potions of heal wounds {@q2}
 k - 2 potions of magic
 q - a potion of haste {@q4}
 v - 4 potions of ambrosia
 A - a potion of lignification {@q7}
 C - 5 potions of mutation
 H - 3 potions of flight
 J - a potion of berserk rage {unknown}
Miscellaneous
 o - a phantom mirror
 K - a tin of tremorstones (2/3)


   Skills:
 * Level 10.6 Fighting
 * Level 15.5 Axes
 + Level 11.7 Armour
 * Level 15.5 Shields
 + Level 15.2 Invocations
 + Level 4.4 Evocations


You had 14 spell levels left.
You didn't know any spells.
Your spell library was empty.

Dungeon Overview and Level Annotations

Branches:
Dungeon (15/15)            Temple (1/1) D:6            Lair (4/6) D:11
 Shoals (4/4) Lair:3        Snake (2/4) Lair:3          Orc (0/2) D:9
 Depths (0/5) D:15        Gauntlet (visited)
 Vaults: D:13-14

Altars:
Ashenzari
Cheibriados
Dithmenos
Elyvilon
Fedhas
Gozag
Hepliaklqana
Kikubaaqudgha
Makhleb
Nemelex Xobeh
Okawaru
Qazlal
Ru
Sif Muna
Trog
Uskayaw
Vehumet
Wu Jian
Xom
Yredelemnul
Zin
The Shining One
Lugonu

Shops:
D:8 (   D:14 ?

Annotations:
D:5 2 transporters, Lanoc's ghost, amateur DsCK
D:10 exclusions: ice statue and obsidian statue
Shoals:4 exclusion: oklob plant
Snake:2 Asterion; Azrael


Innate Abilities, Weirdness & Mutations

You are resistant to damage.
You can heal yourself by infusing magical energy.
You resist negative energy. (rN+)
You passively map the area around you.
You do not regenerate.
You are dopey. (Int -2)


Message History

You are too injured to fight recklessly!
You are too injured to fight recklessly!
You are too injured to fight recklessly!
You are too injured to fight recklessly!
You are too injured to fight recklessly!
You feel much better.
You feel sick.
The cacodemon hits you but does no damage.
The cacodemon hits you! You block Asterion's attack.
Asterion gores you but does no damage.
Azrael laughs insanely.
You fail to use your ability.
You feel sick. The cacodemon gestures at you. You resist with almost no effort.
Asterion mumbles some strange prayers to Makhleb.
Asterion seems to speed up.
Asterion blocks your attack.
Asterion is heavily wounded.
You slash the cacodemon! The cacodemon hits you.
You block the cacodemon's attack. You block Asterion's attack.
Asterion gores you. The naga mage spits poison at you.
The splash of poison hits you. You resist.
You slice the cacodemon!!
The cacodemon is almost dead.
You hit Asterion but do no damage. You block Asterion's attack. x2
The cacodemon gestures at you.
Strange energies course through your body.
You feel stupid.
You barely miss the cacodemon.
The cacodemon is almost dead.
Asterion blocks your attack.
You slash the naga mage!
Asterion hits you with a +0 demon whip of venom!
You block Asterion's attack.
The cacodemon hits you but does no damage.
The cacodemon hits you!
* * * LOW HITPOINT WARNING * * *
The naga mage spits poison at you.
The splash of poison hits you but does no damage.
You are more poisoned.
You resist. You block Asterion's attack. Asterion gores you but does no damage.
You are too injured to fight recklessly!
You are too injured to fight recklessly!
You are too injured to fight recklessly!
You are too injured to fight recklessly!
You are too injured to fight recklessly!
You are too injured to fight recklessly!
You are too injured to fight recklessly!
You are too injured to fight recklessly!
You are too injured to fight recklessly!
You are too injured to fight recklessly!
You are too injured to fight recklessly!
You are too injured to fight recklessly!
You slice Asterion!!
Asterion is severely wounded.
You closely miss the naga mage. You hit the cacodemon.
You feel sick. You block the naga mage's attack. The naga mage grabs you.
The naga mage constricts you. You block Asterion's attack. Asterion gores you.
* * * LOW HITPOINT WARNING * * *
The cacodemon hits you but does no damage.
You block the cacodemon's attack. Asterion blocks your attack.
Asterion is severely wounded.
You slice the cacodemon!!
You kill the cacodemon!
You slash the naga mage! The naga mage casts a spell at you.
The poison arrow hits you!
You are more poisoned.
You partially resist.
* * * LOW HITPOINT WARNING * * *
x2 The naga mage constricts you.
Asterion hits you but does no damage. Asterion gores you but does no damage.
You slash Asterion!
Asterion is almost dead.
You closely miss the naga mage.
You feel sick. You block the naga mage's attack. The naga mage constricts you.
Asterion hits you with a +0 demon whip of venom!
* * * LOW HITPOINT WARNING * * *
You are more poisoned.
Asterion gores you but does no damage. Asterion blocks your attack.
Asterion is almost dead.
You hit the naga mage.
You kill the naga mage!
Makhleb accepts your kill.
You feel better.
You feel very sick. You block Asterion's attack.
Asterion completely misses you.
You hit Asterion.
Asterion is almost dead.
You feel sick.
Asterion prays to Makhleb.
Asterion hits you with a +0 demon whip of venom!!
* * * LOW HITPOINT WARNING * * *
You block Asterion's attack.
Your shield prevents you from hitting Asterion.
Asterion is almost dead.
You feel sick.
Asterion hits you with a +0 demon whip of venom!!
You die...

, ,,, * , , ,
* .##*** ,,,
, ,* * .....*
,< *, *#....*
, *,, , #..$*
*, , , ,
..#..#####
*,, , , ,
......[ ** ,
, , ,#..)###
< ,, , , ,,
#..@HR# ° ○ *
, ,
#..)#...... ,
#<2..☼.....☼,
, , , ,
##.......#.○
,, , **
#........., ,
* #####...##
, ####


You could see Asterion (fast), a cacodemon (summoned) and Azrael.

Vanquished Creatures
  Mara (Shoals:4)
  Gastronok (D:12)
  A frost giant (Shoals:4)
  A minotaur (Gauntlet)
  7 merfolk impalers
  2 merfolk javelineers (Shoals:4)
  A green death (Gauntlet)
  A yaktaur captain (D:15)
  Fannar (D:12)
  A merfolk avatar (Shoals:4)
  2 naga warriors (Snake:1)
  3 hydras
  A death knight (D:10)
  2 centaur warriors
  3 anacondas (Snake:1)
  Erica (D:9)
  2 alligator snapping turtles (Shoals:4)
  A merfolk aquamancer (Shoals:4)
  5 death yaks (Lair:3)
  10 two-headed ogres
  A tengu warrior (D:15)
  An ogre mage (D:15)
  A shock serpent (Snake:1)
  A sea snake (Shoals:4)
  3 unseen horrors
  2 naga ritualists (Snake:1)
  A phantasmal warrior (D:10)
  A lindwurm (Lair:3)
  3 harpies (Shoals:4)
  An orc knight (D:15)
  2 mana vipers (Snake:1)
  3 manticores
  A salamander (Snake:1)
  4 cyclopes
  2 deep elf magi
  4 elephants
  19 ugly things
  2 water nymphs (Shoals:4)
  8 black mambas
  4 naga magi
  A merfolk siren (Shoals:4)
  3 gargoyles
  An ice statue (Gauntlet)
  A guardian serpent (shapeshifter) (D:14)
  A minotaur zombie (Gauntlet)
  An orange demon (Gauntlet)
  2 komodo dragons
  5 cane toads
  Maggie (D:9)
  Psyche (D:9)
  A kobold demonologist (D:14)
  An efreet (D:15)
  2 rime drakes (Gauntlet)
  8 trolls
  10 merfolk
  4 blink frogs (Lair:1)
  3 slime creatures (Gauntlet)
  A hornet (D:13)
  4 snapping turtles (Shoals:4)
  7 hippogriffs
  A hippogriff (shapeshifter) (D:13)
  A meliai zombie (D:13)
  A shadow (D:15)
  Sigmund (D:3)
  4 wraiths
  2 vampires (D:13)
  3 fire bats (Lair:3)
  6 fire elementals (Snake:2)
  8 water elementals (Shoals:4)
  4 wyverns
  11 yaks
  2 basilisks
  A steam dragon (D:11)
  4 vampire mosquitoes (D:13)
  An acid dragon (D:11)
  3 nagas
  A hell hound (Snake:2)
  4 water moccasins
  4 porcupines
  A soldier ant (D:12)
  8 orc warriors
  3 ice beasts
  A black bear (D:8)
  4 sky beasts
  2 necrophages
  8 ogres
  A phantom (D:12)
  3 centaurs
  6 crocodiles
  3 big kobolds
  Blork the orc (D:6)
  13 bullfrogs
  3 scorpions
  7 killer bees
  3 howler monkeys
  10 wights
  2 electric eels (Lair:3)
  2 bullfrog zombies
  2 centaur zombies
  A crimson imp (D:8)
  8 hounds
  12 orc priests
  5 centaur skeletons
  6 jellies
  5 bullfrog skeletons
  5 iguanas
  14 orc wizards
  12 worker ants
  Ijyb (D:5)
  A hound zombie (D:11)
  A hound skeleton (D:6)
  A gnoll (D:8)
  16 adders
  A shadow imp (D:10)
  3 white imps
  2 ufetubi
  2 oozes
  An adder skeleton (D:8)
  6 worms
  A dart slug (D:2)
  12 leopard geckos
  73 orcs
  A ball python (D:1)
  6 giant cockroaches
  8 goblins
  3 hobgoblins
  11 jackals
  6 quokkas
  9 bats
  5 frilled lizards
  A giant cockroach zombie (D:6)
  17 kobolds
  2 quokka skeletons
  6 rats
578 creatures vanquished.

Vanquished Creatures (collateral kills)
  A merfolk impaler (Shoals:4)
  A merfolk aquamancer (Shoals:4)
  4 harpies (Shoals:4)
  An elephant (Lair:2)
  A merfolk siren (Shoals:4)
  4 merfolk (Shoals:4)
  A snapping turtle (Shoals:4)
  A water elemental (Shoals:4)
14 creatures vanquished.

Vanquished Creatures (others)
  A sea snake (Shoals:4)
  9 fungi
  11 plants
21 creatures vanquished.

Grand Total: 613 creatures vanquished

Notes
Turn   | Place    | Note
-------+----------+-------------------------------------------
     0 | D:1      | EnegeticOcto the Deep Dwarf Fighter began the quest for the
                  | Orb.
     0 | D:1      | Reached XP level 1. HP: 20/20 MP: 1/1
    36 | D:1      | Reached XP level 2. HP: 24/27 MP: 2/2
   119 | D:2      | Reached XP level 3. HP: 29/33 MP: 3/3
   141 | D:3      | Noticed a bullfrog
   150 | D:3      | Killed a bullfrog
   150 | D:3      | Reached XP level 4. HP: 34/42 MP: 4/4
   199 | D:4      | Found a radiant altar of Vehumet.
   238 | D:4      | Reached XP level 5. HP: 49/49 MP: 5/5
   299 | D:4      | Found an iron altar of Okawaru.
   398 | D:4      | Found a glowing drain.
   444 | D:4      | You fall into a shaft and drop 1 floor!
   444 | D:5      | Entered Level 5 of the Dungeon
   448 | D:5      | Found a hide-covered altar of Uskayaw.
   449 | D:5      | Found a shadowy altar of Dithmenos.
   477 | D:5      | Reached XP level 6. HP: 45/56 MP: 5/5
   544 | D:5      | Found a sacrificial altar of Ru.
   727 | D:4      | Found an iron altar of Okawaru.
   837 | D:5      | Reached skill level 5 in Axes
   902 | D:5      | Noticed Ijyb
   904 | D:5      | Reached skill level 5 in Shields
   918 | D:5      | Killed Ijyb
   985 | D:5      | Found a transporter.
   989 | D:5      | Found a transporter.
  1003 | D:5      | Noticed a hornet
  1059 | D:5      | Noticed Lanoc's ghost (amateur DsCK)
  1189 | D:5      | Found a broken altar of Ashenzari.
  1358 | D:6      | Found a staircase to the Ecumenical Temple.
  1367 | Temple   | Entered the Ecumenical Temple
  1515 | D:6      | Noticed a troll
  1539 | D:6      | HP: 1/57 [troll (5)]
  1544 | D:6      | Killed a troll
  1544 | D:6      | Reached skill level 5 in Armour
  1544 | D:6      | Reached XP level 7. HP: 28/64 MP: 5/5
  1648 | D:6      | Noticed Blork the orc
  1654 | D:6      | Killed Blork the orc
  1654 | D:6      | Reached XP level 8. HP: 47/73 MP: 6/6
  1830 | D:6      | Found a white marble altar of Elyvilon.
  1941 | D:6      | Found a basalt altar of Yredelemnul.
  2535 | D:7      | You fall into a shaft and drop 2 floors!
  2610 | D:8      | Reached skill level 5 in Fighting
  2696 | D:8      | Found Suh Lics's Weapon Boutique.
  2858 | D:7      | Gained mutation: You passively map the area around you.
                  | [Deep Dwarf growth]
  2858 | D:7      | Reached XP level 9. HP: 53/81 MP: 5/5
  3219 | D:3      | Found a blossoming altar of Fedhas.
  3307 | D:3      | Noticed Sigmund
  3340 | D:3      | Killed Sigmund
  3813 | D:3      | Found a glowing silver altar of Zin.
  3999 | D:2      | Found a hazy altar of Hepliaklqana.
  4514 | D:5      | Found an ornate altar of the Wu Jian Council.
  4514 | D:5      | Found a stormy altar of Qazlal.
  4663 | D:8      | Found a shimmering altar of Xom.
  4664 | D:8      | Found a burning altar of Makhleb.
  4671 | D:8      | Became a worshipper of Makhleb the Destroyer
  4722 | D:8      | Found a snail-covered altar of Cheibriados.
  4773 | D:8      | Reached skill level 1 in Invocations
  4909 | D:8      | Identified a scroll of acquirement
  4909 | D:8      | Acquired 688 gold pieces
  5245 | D:8      | Killed an unseen horror
  5245 | D:8      | Reached XP level 10. HP: 72/91 MP: 5/7
  5308 | D:8      | Reached * piety under Makhleb
  5340 | D:8      | Got a warped golden ring
  5350 | D:8      | Got a wavering steel ring
  5369 | D:8      | Got a bound jade amulet
  5372 | D:8      | Got a heavily runed bone amulet
  5533 | D:8      | Identified the ring "Qirahiax" {+Inv rF+ Str+7 Int-5
                  | Stlth+} (You found it on level 8 of the Dungeon)
  5535 | D:8      | Identified the ring "Qewupnon" {+Blink rPois rC+++ Str+6
                  | Slay-4} (You found it on level 8 of the Dungeon)
  5543 | D:8      | Identified the amulet "Roazasie" {Acrobat rC+ MR+ Int-4}
                  | (You found it on level 8 of the Dungeon)
  5543 | D:8      | Lost intelligence.
  5556 | D:8      | Identified the amulet "Kiegyum" {Acrobat rElec Str-4 Int+4}
                  | (You found it on level 8 of the Dungeon)
  5560 | D:9      | Noticed Maggie
  5570 | D:9      | Paralysed by Maggie for 4 turns
  5601 | D:9      | Killed Maggie
  5601 | D:9      | Reached skill level 5 in Invocations
  5743 | D:9      | Noticed Erica
  5743 | D:9      | Noticed Psyche
  5754 | D:9      | Killed Psyche
  5771 | D:9      | Killed Erica
  5771 | D:9      | Reached skill level 10 in Axes
  5771 | D:9      | Reached skill level 10 in Shields
  5958 | D:9      | Noticed a centaur warrior
  5965 | D:9      | Reached ** piety under Makhleb
  5978 | D:9      | Killed a centaur warrior
  6021 | D:9      | Found a staircase to the Orcish Mines.
  6069 | D:9      | Found a blossoming altar of Fedhas.
  6203 | D:9      | Found a shimmering blue altar of Sif Muna.
  6281 | D:10     | Entered Level 10 of the Dungeon
  6590 | D:10     | Reached XP level 11. HP: 94/99 MP: 10/10
  6684 | D:10     | Noticed a phantasmal warrior
  6685 | D:10     | Noticed a death knight
  6704 | D:10     | Killed a phantasmal warrior
  6740 | D:10     | Killed a death knight
  6802 | D:10     | Reached *** piety under Makhleb
  6913 | D:10     | Noticed an obsidian statue
  7264 | D:11     | Found a staircase to the Lair.
  7351 | D:11     | Killed an unseen horror
  7565 | D:11     | Noticed a cyan ugly thing
  7598 | D:11     | Killed a cyan ugly thing
  7621 | D:11     | Noticed a two-headed ogre
  7635 | D:11     | Killed a two-headed ogre
  8132 | D:12     | Found a shadowy altar of Dithmenos.
  8133 | D:12     | Noticed Fannar
  8137 | D:12     | Noticed Sonja
  8142 | D:12     | Noticed Sonja
  8142 | D:12     | Sonja changed into Sonja the ogre
  8148 | D:12     | Killed Sonja the ogre
  8151 | D:12     | Reached **** piety under Makhleb
  8157 | D:12     | Reached XP level 12. HP: 90/109 MP: 9/9
  8189 | D:12     | Reached skill level 10 in Invocations
  8212 | D:12     | Killed Fannar
  8236 | D:12     | Noticed Gastronok
  8268 | D:12     | Killed Gastronok
  8298 | D:13     | Found a glowing golden altar of the Shining One.
  8368 | D:13     | Noticed a two-headed ogre
  8389 | D:13     | Killed a two-headed ogre
  8519 | D:13     | Noticed a two-headed ogre
  8536 | D:13     | Killed a two-headed ogre
  8536 | D:13     | Reached ***** piety under Makhleb
  8746 | D:14     | Reached XP level 13. HP: 117/117 MP: 10/10
  8948 | D:14     | Found Ratal's Magic Scroll Boutique.
  8955 | D:14     | Bought a scroll of magic mapping for 35 gold pieces
  8955 | D:14     | Bought a scroll of enchant armour for 75 gold pieces
  8962 | D:14     | You fall into a shaft and drop 1 floor!
  8962 | D:15     | Entered Level 15 of the Dungeon
  8977 | D:15     | Reached skill level 10 in Armour
  8993 | D:15     | Found a sacrificial altar of Ru.
  9024 | D:15     | Found a gate leading to a gauntlet.
  9044 | D:15     | Found a basalt altar of Yredelemnul.
  9112 | Gauntlet | Entered a Gauntlet
  9112 | Gauntlet | Found a transporter.
  9160 | Gauntlet | Found a transporter.
  9160 | Gauntlet | Found a transporter.
  9173 | Gauntlet | Found a transporter.
  9181 | Gauntlet | Found a transporter.
  9190 | Gauntlet | Found a transporter.
  9191 | Gauntlet | Found a transporter.
  9203 | Gauntlet | Noticed a green death
  9217 | Gauntlet | Killed a green death
  9218 | Gauntlet | Found a transporter.
  9227 | Gauntlet | Found a transporter.
  9228 | Gauntlet | Got a coiled bone ring
  9230 | Gauntlet | Identified the cursed ring "Loigumik" {rElec rN+ Dex-4
                  | Stlth-} (You found it in a Gauntlet)
  9246 | Gauntlet | Noticed a minotaur
  9261 | Gauntlet | Killed a minotaur
  9283 | Gauntlet | Identified the Disquisition on Earthen Bewitchment
  9433 | D:15     | Gained mutation: You resist negative energy. (rN+) [Deep
                  | Dwarf growth]
  9433 | D:15     | Reached XP level 14. HP: 127/127 MP: 11/11
  9494 | D:15     | Found a staircase to the Depths.
  9708 | Lair:1   | Entered Level 1 of the Lair of Beasts
 10744 | Lair:3   | Found a staircase to the Shoals.
 11077 | Lair:3   | Found a staircase to the Snake Pit.
 11429 | Lair:4   | Got a scorched helmet
 11439 | Lair:4   | Identified the +0 helmet of the Arcane {rF- Int+2 Slay+3}
                  | (You found it on level 4 of the Lair of Beasts)
 11463 | Shoals:1 | Entered Level 1 of the Shoals
 11569 | Shoals:4 | Entered Level 4 of the Shoals
 11727 | Shoals:4 | Reached skill level 1 in Evocations
 11760 | Shoals:4 | Noticed Mara
 11764 | Shoals:4 | Noticed EnegeticOcto's illusion
 11807 | Shoals:4 | Killed Mara
 11807 | Shoals:4 | Reached skill level 10 in Fighting
 11807 | Shoals:4 | Reached skill level 15 in Axes
 11807 | Shoals:4 | Reached skill level 15 in Shields
 11807 | Shoals:4 | Reached XP level 15. HP: 62/138 MP: 8/8
 11860 | Shoals:4 | Noticed a frost giant
 11867 | Shoals:4 | Reached skill level 15 in Invocations
 11871 | Shoals:4 | Killed a frost giant
 11871 | Shoals:4 | Reached ****** piety under Makhleb
 11896 | Shoals:4 | Got a barnacled rune of Zot
 12102 | Snake:1  | Entered Level 1 of the Snake Pit
 12395 | Snake:2  | Noticed Asterion
 12402 | Snake:2  | Noticed Azrael
 12440 | Snake:2  | Gained mutation: You are dopey. (Int -2) [a cacodemon]
 12447 | Snake:2  | Mangled by Asterion

Illustrated notes

Levels and vault maps discovered:
D:1:      nzn_arrival_crosshair, layout_basic
D:2:      layout_rooms, overflow_temple_1_default
D:3:      layout_rooms, lemuel_coloured_pillars_altar,
          overflow_temple_1_default, serial_co_window_serial,
          co_window_corner_a, co_window_paths_a, co_window_paths_a,
          co_window_corner_a, co_window_corner_a, co_window_paths_a,
          co_window_of_opportunity_a, co_window_corner_b,
          co_window_of_opportunity_c, co_window_corner_b, co_window_corner_b,
          glass_columns_c, glass_columns_a, glass_columns_b, minmay_vboxes,
          uniq_sigmund
D:4:      layout_rooms, fiery_altar_vehumet, okawaru_trees_2,
          cheibrodos_sewer_entry_drain, lemuel_statue_altar
D:5:      layout_loops_ring, overflow_temple_1_default,
          nicolae_overflow_hidden_temple, gammafunk_ghost_hive, uniq_ijyb
D:6:      layout_basic, old_standard_altar, temple_statues, basic_altar,
          serial_corexii_hall, corexii_hall_statues_l,
          chequers_hall_statues_wall_a, uniq_blork_the_orc
D:7:      layout_cave_pools
D:8:      minmay_the_grid_triangle_9x9_rhombus_full
          [minmay_the_grid_triangle_9x9_skeleton,
          minmay_the_grid_triangle_9x9_minimal,
          minmay_the_grid_triangle_9x9_zippers_horizontal,
          minmay_the_grid_triangle_9x9_pentomino_pain,
          minmay_the_grid_triangle_9x9_sprig,
          minmay_the_grid_triangle_9x9_empty,
          minmay_the_grid_triangle_9x9_alien,
          minmay_the_grid_triangle_9x9_prize_special], layout_basic,
          grunt_temple_overflow_champion_of_chaos, cheibrodos_worm_habitat,
          serial_shops, shop, minivault_5
D:9:      layout_long_grid, marbit_many_paths, hiddenorc2_lemuel,
          fedhas_altar_3, uniq_maggie, uniq_erica, uniq_psyche
D:10:     layout_loops_ring, david_greed
D:11:     layout_basic, david_lair_generic, serial_corexii_hall,
          corexii_hall_statues_t, corexii_hall_statues_deadend,
          corexii_hall_statues_l, corexii_hall_statues_t
D:12:     layout_layer_cave, grunt_dithmenos_smoke, uniq_gastronok, uniq_urug,
          uniq_fannar, uniq_sonja
D:13:     layout_cave_pools, basic_altar, david_defended_altar_elf
D:14:     layout_basic, david_vaults_4, serial_shops, shop,
          hangedman_tell_no_tales
D:15:     grunt_enter_depths_snipers, layout_rooms, gauntlet_entry_generic,
          lemuel_round_altar, basic_altar
Temple:   corrupted_temple
Lair:1:   layout_regular_city, grunt_megastairs_1, lemuel_fruit_tree,
          infiniplex_staircase_pool, minmay_lair_oklob_chamber
Lair:2:   layout_small_grid, chequers_serial_rivers_large_a
Lair:3:   layout_gridlike, minmay_shoals_entry_beasts, dummy_snake_entry
Lair:4:   layout_long_grid
Shoals:1: layout_shoals, nicolae_shoals_seven_spires,
          nicolae_shoals_wave_tunnel, uniq_donald, uniq_aizul, uniq_kirke
Shoals:2: cheibrodos_shoals_satyrical_garden, layout_shoals
Shoals:3: layout_shoals, portal_ice_cave_entry_pillars_three,
          nicolae_shoals_drake_roost
Shoals:4: shoals_end_grunt_ice, layout_shoals, nicolae_shoals_this_corrosion,
          uniq_mara
Snake:1:  layout_grid_maze
Snake:2:  layout_misc_corridors, minmay_shop_grove, uniq_azrael, uniq_asterion

Skill      XL: |  1  2  3  4  5  6  7  8  9 10 11 12 13 14 15 |
---------------+----------------------------------------------+-----
Axes           | 3 4 5 6 8 9 10 11 12 13 15 | 15.5
Fighting       | 3 4 5 6 7 8 10 | 10.6
Shields        | 4 5 6 7 9 10 11 12 13 15 | 15.5
Armour         | 4 5 6 7 8 9 10 11 | 11.7
Invocations    | 4 7 9 11 13 14 15 | 15.2
Evocations     | 2 4 |  4.4

Action                   |  1- 3 |  4- 6 |  7- 9 | 10-12 | 13-15 || total
-------------------------+-------+-------+-------+-------+-------++-------
Melee: War axe           |    46 |   191 |   504 |   923 |   812 ||  2476
Invok: Lesser Servant of |       |       |       |       |     9 ||     9
       Greater Servant o |       |       |       |       |     1 ||     1
 Abil: Heal Wounds       |       |     7 |    15 |    24 |    36 ||    82
Evoke: Wand              |       |       |       |     2 |     2 ||     4
       Tin of tremorston |       |       |       |       |     3 ||     3
  Use: Scroll            |       |       |    17 |    12 |    11 ||    40
       Potion            |       |       |       |       |     2 ||     2
 Stab: Distracted        |       |       |       |       |     6 ||     6
Armor: Scale mail        |    28 |    76 |    25 |       |       ||   129
       Plate armour      |       |       |   173 |   508 |   435 ||  1116
Dodge: Dodged            |    20 |    59 |   117 |   240 |   246 ||   682
Block: Kite shield       |    32 |     3 |       |       |       ||    35
       Tower shield      |       |   171 |   491 |  1004 |   952 ||  2618

Table legend: (Time is in decaauts)
 A = Elapsed time spent in this place.
 B = Non-inter-level travel time spent in this place.
 C = Inter-level travel time spent in this place.
 D = Time resting spent in this place.
 E = Time spent auto-exploring this place.
 F = Levels seen in this place.
 G = Mean time per level.
                   A        B        C        D        E       F      G
               +--------+--------+--------+--------+--------+-----+--------+
         Total |  12725 |  11651 |   1074 |     11 |   7191 |  27 |  471.3 |
       Dungeon |   9808 |   9065 |    743 |      7 |   5687 |  15 |  653.9 |
        Temple |     45 |     33 |     12 |      0 |     32 |   1 |   45.0 |
          Lair |   1797 |   1659 |    138 |      0 |   1320 |   4 |  449.2 |
        Shoals |    594 |    448 |    146 |      4 |      8 |   4 |  148.5 |
     Snake Pit |    316 |    282 |     34 |      0 |    129 |   2 |  158.0 |
      Gauntlet |    162 |    162 |      0 |      0 |     13 |   1 |  162.0 |
               +--------+--------+--------+--------+--------+-----+--------+

Top non-repeatable levels by time:
     D:8: 1248 daAuts
     D:6: 1112 daAuts
    D:10: 969 daAuts
    D:11: 959 daAuts
  Lair:2: 889 daAuts
     D:5: 771 daAuts
  Lair:3: 770 daAuts
     D:3: 757 daAuts
     D:9: 750 daAuts
     D:7: 622 daAuts
     D:2: 559 daAuts
     D:4: 550 daAuts
    D:14: 506 daAuts
Shoals:4: 427 daAuts
    D:15: 385 daAuts
